SAA
SALEM MISFITS @ ATHLETIC CLUB KC ACADEMY
09/18/2030
 
TOP OF THE 1ST
Salem Misfits batting - Pitching for Athletic Club KC Academy : LHP Dave Parkinson
Pitching: LHP Dave Parkinson
Batting: RHB César Ramos 0-0: Ball
1-0: Ball
2-0: SINGLE (Line Drive, 7LS)
Batting: RHB Jorge Gómez 0-0: Ground out 4-3 (Groundball, 34)
César Ramos to second
Batting: RHB Robinson Barquero 0-0: SINGLE (Flyball, 9S)
César Ramos to third
Runner from 3rd tries for Home, SAFE, no throw
Batting: RHB Jason Ward 0-0: Swinging Strike
0-1: Ball
1-1: Grounds into double play, 4-6-3 (Groundball, 34)
Top of the 1st over - 1 run, 2 hits, 0 errors, 0 left on base; Salem 1 - Athletic Club KC Academy 0
BOTTOM OF THE 1ST
Athletic Club KC Academy batting - Pitching for Salem Misfits : RHP Fernando Villarreal
Pitching: RHP Fernando Villarreal
Batting: LHB Takayuki Yoshikawa 0-0: Ball
1-0: Ball
2-0: Ball
3-0: Called Strike
3-1: Called Strike
3-2: Base on Balls
Batting: LHB Ramón Morterero 0-0: Called Strike
0-1: Fly out, F4 (Popup, 4D)
Batting: RHB Colin Bottone 0-0: Ball
Takayuki Yoshikawa steals 2nd base
1-0: Foul Ball, location: 2F
1-1: Ball
2-1: Ball
3-1: Foul Ball, location: 2F
3-2: Base on Balls
Batting: LHB Pablo Hernández 0-0: Foul Ball, location: 2F
0-1: Called Strike
0-2: Foul Ball, location: 2F
0-2: Ball
1-2: Strikes out swinging
Batting: LHB Kwang-chih Feng 0-0: Ball
1-0: Foul Ball, location: 2F
1-1: DOUBLE (Flyball, 89XD)
Takayuki Yoshikawa scores
Colin Bottone to third
Batting: RHB Tae-kyun Chon 0-0: Called Strike
0-1: Ball
1-1: Ball
2-1: Foul Ball, location: 2F
2-2: Strikes out swinging
Bottom of the 1st over - 1 run, 1 hit, 0 errors, 2 left on base; Salem 1 - Athletic Club KC Academy 1
TOP OF THE 2ND
Salem Misfits batting - Pitching for Athletic Club KC Academy : LHP Dave Parkinson
Batting: RHB Bob Petiet 0-0: Ball
1-0: Called Strike
1-1: Swinging Strike
1-2: Strikes out swinging
Batting: RHB Austin Case 0-0: Called Strike
0-1: Fly out, F3 (Popup, 3SF)
Batting: RHB Paul O'Neill 0-0: Called Strike
0-1: Foul Ball, location: 2F
0-2: Ball
1-2: Ball
2-2: Strikes out swinging
Top of the 2nd over - 0 runs, 0 hits, 0 errors, 0 left on base; Salem 1 - Athletic Club KC Academy 1
BOTTOM OF THE 2ND
Athletic Club KC Academy batting - Pitching for Salem Misfits : RHP Fernando Villarreal
Batting: RHB Chee-hwa Tze 0-0: SINGLE (Line Drive, 8RS)
Batting: RHB Troy Whitehurst 0-0: Ball
1-0: Ball
2-0: 2-RUN HOME RUN (Flyball, 7LD), Distance : 353 ft
Batting: RHB Tasuku Goto 0-0: Ball
1-0: Ground out 5-3 (Groundball, 56S)
Batting: LHB Takayuki Yoshikawa 0-0: Ball
1-0: Ball
2-0: Ball
3-0: Base on Balls
Batting: LHB Ramón Morterero 0-0: Ball
1-0: Called Strike
Takayuki Yoshikawa steals 2nd base
1-1: Foul Ball, location: 2F
1-2: Foul Ball, location: 2F
1-2: Foul Ball, location: 2F
1-2: SINGLE (Groundball, 4D)
Takayuki Yoshikawa to third
Runner from 3rd tries for Home, SAFE, no throw
Batting: RHB Colin Bottone 0-0: Ball
Ramón Morterero is caught stealing 2nd base
1-0: Foul Ball, location: 2F
1-1: Swinging Strike
1-2: Foul Ball, location: 2F
1-2: Ground out 5-3 (Groundball, 56S)
Bottom of the 2nd over - 3 runs, 3 hits, 0 errors, 0 left on base; Salem 1 - Athletic Club KC Academy 4
TOP OF THE 3RD
Salem Misfits batting - Pitching for Athletic Club KC Academy : LHP Dave Parkinson
Batting: RHB Octávio Pineda 0-0: Ball
1-0: Swinging Strike
1-1: Ball
2-1: Swinging Strike
2-2: Strikes out swinging
Pitching: RHP Mike Nyberg
Batting: LHB Tyler Knopp 0-0: Ball
1-0: Ball
2-0: SINGLE (Line Drive, 56)
Batting: RHB César Ramos 0-0: Ball
1-0: Foul Ball, location: 2F
1-1: Foul Ball, location: 2F
1-2: Strikes out swinging
Batting: RHB Jorge Gómez 0-0: Called Strike
0-1: Ball
1-1: Ball
2-1: Called Strike
2-2: Fly out, F7 (Flyball, 7S)
Top of the 3rd over - 0 runs, 1 hit, 0 errors, 1 left on base; Salem 1 - Athletic Club KC Academy 4
BOTTOM OF THE 3RD
Athletic Club KC Academy batting - Pitching for Salem Misfits : RHP Fernando Villarreal
Batting: LHB Pablo Hernández 0-0: Called Strike
0-1: Ball
1-1: Foul Ball, location: 2F
1-2: Foul Ball, location: 2F
1-2: Foul Ball, location: 2F
1-2: Ball
2-2: SINGLE (Line Drive, 6D)
Batting: LHB Kwang-chih Feng 0-0: Ball
1-0: Called Strike
1-1: Ball
Pablo Hernández steals 2nd base
2-1: SINGLE (Groundball, 5) (infield hit)
Pablo Hernández to third
Batting: RHB Tae-kyun Chon 0-0: Called Strike
0-1: Swinging Strike
0-2: Ball
1-2: Foul Ball, location: 2F
1-2: Ball
Wild Pitch!
Pablo Hernández scores
Kwang-chih Feng to second
2-2: Ball
3-2: Ground out 5-3 (Groundball, 56S)
Kwang-chih Feng to third
Batting: RHB Chee-hwa Tze 0-0: Ball
1-0: Ball
2-0: Foul Ball, location: 2F
2-1: Ball
3-1: Foul Ball, location: 2F
3-2: Foul Ball, location: 2F
3-2: Ground out 1-3 (Groundball, 13)
Batting: RHB Troy Whitehurst 0-0: Ball
1-0: Ground out 5-3 (Groundball, 5)
Bottom of the 3rd over - 1 run, 2 hits, 0 errors, 1 left on base; Salem 1 - Athletic Club KC Academy 5
TOP OF THE 4TH
Salem Misfits batting - Pitching for Athletic Club KC Academy : RHP Mike Nyberg
Batting: RHB Robinson Barquero 0-0: Ball
1-0: Ground out 4-3 (Groundball, 4)
Batting: RHB Jason Ward 0-0: Ball
1-0: Ball
2-0: Ball
3-0: Called Strike
3-1: Called Strike
3-2: Strikes out swinging
Batting: RHB Bob Petiet 0-0: Swinging Strike
0-1: Ball
1-1: Ball
2-1: Called Strike
2-2: DOUBLE (Flyball, 78D)
Batting: RHB Austin Case 0-0: Foul Ball, location: 2F
0-1: DOUBLE (Line Drive, 78D)
Bob Petiet scores
Batting: RHB Paul O'Neill 0-0: Called Strike
0-1: Ball
1-1: Ball
2-1: Called Strike
2-2: Foul Ball, location: 2F
2-2: Ground out 5-3 (Groundball, 56)
Top of the 4th over - 1 run, 2 hits, 0 errors, 1 left on base; Salem 2 - Athletic Club KC Academy 5
BOTTOM OF THE 4TH
Athletic Club KC Academy batting - Pitching for Salem Misfits : RHP Fernando Villarreal
Batting: RHB Tasuku Goto 0-0: SINGLE (Groundball, 56D)
Batting: LHB Takayuki Yoshikawa 0-0: Ball
1-0: Called Strike
1-1: Ball
2-1: SINGLE (Line Drive, 5D)
Tasuku Goto to second
Batting: LHB Ramón Morterero 0-0: Ball
1-0: Foul Ball, location: 2F
1-1: Ball
2-1: Foul Ball, location: 2F
2-2: Ball
3-2: Base on Balls
Tasuku Goto to third
Takayuki Yoshikawa to second
Batting: RHB Colin Bottone 0-0: Ball
1-0: Called Strike
1-1: Ball
2-1: Fly out, F4 (Popup, 4)
Batting: LHB Pablo Hernández 0-0: Fly out, F4 (Flyball, 34D)
Batting: LHB Kwang-chih Feng 0-0: Called Strike
0-1: Swinging Strike
0-2: Ball
1-2: Ball
2-2: SINGLE (Line Drive, 89S)
Tasuku Goto scores
Takayuki Yoshikawa to third
Ramón Morterero to second
Runner from 3rd tries for Home, throw and OUT!
Bottom of the 4th over - 1 run, 3 hits, 0 errors, 2 left on base; Salem 2 - Athletic Club KC Academy 6
TOP OF THE 5TH
Salem Misfits batting - Pitching for Athletic Club KC Academy : RHP Mike Nyberg
Batting: RHB Octávio Pineda 0-0: Ball
1-0: SINGLE (Flyball, 7LM)
Batting: LHB Tyler Knopp 0-0: Ball
1-0: Fly out, F4 (Popup, 4D)
Batting: RHB César Ramos 0-0: Called Strike
0-1: Called Strike
0-2: Strikes out looking
Batting: RHB Jorge Gómez 0-0: Foul Ball, location: 2F
0-1: Fielders Choice at 2nd, 6-4 (Groundball, 6)
Top of the 5th over - 0 runs, 1 hit, 0 errors, 1 left on base; Salem 2 - Athletic Club KC Academy 6
BOTTOM OF THE 5TH
Athletic Club KC Academy batting - Pitching for Salem Misfits : RHP Fernando Villarreal
Batting: RHB Tae-kyun Chon 0-0: Called Strike
0-1: Swinging Strike
0-2: Ball
1-2: Foul Ball, location: 2F
1-2: Ball
2-2: Ground out 5-3 (Groundball, 5S)
Batting: RHB Chee-hwa Tze 0-0: Ball
1-0: Fly out, F9 (Flyball, 9LM)
Batting: RHB Troy Whitehurst 0-0: Foul Ball, location: 2F
0-1: Fly out, F7 (Flyball, 7LS)
Bottom of the 5th over - 0 runs, 0 hits, 0 errors, 0 left on base; Salem 2 - Athletic Club KC Academy 6
TOP OF THE 6TH
Salem Misfits batting - Pitching for Athletic Club KC Academy : RHP Mike Nyberg
Batting: RHB Robinson Barquero 0-0: Ball
1-0: Called Strike
1-1: Fly out, F3 (Popup, 3SF)
Batting: RHB Jason Ward 0-0: Ball
1-0: Swinging Strike
1-1: Swinging Strike
1-2: Ball
2-2: DOUBLE (Line Drive, 7LM)
Batting: RHB Bob Petiet 0-0: Fly out, F9 (Flyball, 89S)
Batting: RHB Austin Case 0-0: Ball
1-0: Fly out, F8 (Flyball, 8LS)
Top of the 6th over - 0 runs, 1 hit, 0 errors, 1 left on base; Salem 2 - Athletic Club KC Academy 6
BOTTOM OF THE 6TH
Athletic Club KC Academy batting - Pitching for Salem Misfits : RHP Fernando Villarreal
Batting: RHB Tasuku Goto 0-0: Ground out 6-3 (Groundball, 6)
Batting: LHB Takayuki Yoshikawa 0-0: Ball
1-0: Ball
2-0: Ball
3-0: Called Strike
3-1: Base on Balls
Pitching: RHP Javier Pérez
Batting: LHB Ramón Morterero 0-0: Ball
1-0: Ball
2-0: Called Strike
2-1: Ball
3-1: Foul Ball, location: 2F
3-2: Foul Ball, location: 2F
3-2: Base on Balls
Takayuki Yoshikawa to second
Batting: RHB Colin Bottone 0-0: Ball
1-0: Foul Ball, location: 2F
1-1: SINGLE (Groundball, 5) (infield hit)
Takayuki Yoshikawa to third
Ramón Morterero to second
Batting: LHB Pablo Hernández 0-0: Called Strike
0-1: Ball
1-1: Ball
2-1: Called Strike
2-2: Ball
3-2: Foul Ball, location: 2F
3-2: Base on Balls
Takayuki Yoshikawa scores
Ramón Morterero to third
Colin Bottone to second
Batting: LHB Kwang-chih Feng 0-0: Called Strike
0-1: Ball
1-1: Swinging Strike
1-2: Strikes out looking
Batting: RHB Tae-kyun Chon 0-0: Called Strike
0-1: Ball
1-1: Swinging Strike
1-2: Strikes out swinging
Bottom of the 6th over - 1 run, 1 hit, 0 errors, 3 left on base; Salem 2 - Athletic Club KC Academy 7
TOP OF THE 7TH
Salem Misfits batting - Pitching for Athletic Club KC Academy : RHP Mike Nyberg
Now at 2B: Roberto Romero
Batting: RHB Paul O'Neill 0-0: Ball
1-0: Ball
2-0: Called Strike
2-1: Fly out, F3 (Popup, 3SF)
Batting: RHB Octávio Pineda 0-0: Ball
1-0: Foul Ball, location: 2F
1-1: Ball
2-1: Ball
3-1: Base on Balls
Pitching: RHP Andrés Martínez
Batting: LHB Tyler Knopp 0-0: Fly out, F8 (Flyball, 8LD)
Batting: RHB César Ramos 0-0: Ball
Octávio Pineda steals 2nd base
1-0: Ball
2-0: Ball
3-0: Base on Balls
Batting: RHB Jorge Gómez 0-0: Foul Ball, location: 2F
0-1: Ball
1-1: TRIPLE (Flyball, 7LD)
Octávio Pineda scores
César Ramos scores
Batting: RHB Robinson Barquero 0-0: Ball
1-0: Called Strike
1-1: SINGLE (Line Drive, 56D)
Jorge Gómez scores
Batting: RHB Jason Ward 0-0: Fly out, F9 (Flyball, 9LS)
Top of the 7th over - 3 runs, 2 hits, 0 errors, 1 left on base; Salem 5 - Athletic Club KC Academy 7
BOTTOM OF THE 7TH
Athletic Club KC Academy batting - Pitching for Salem Misfits : RHP Javier Pérez
Batting: RHB Chee-hwa Tze 0-0: Called Strike
0-1: Called Strike
0-2: Ground out 5-3 (Groundball, 56)
Batting: RHB Troy Whitehurst 0-0: Called Strike
0-1: Foul Ball, location: 2F
0-2: Ball
1-2: Ball
2-2: Ball
3-2: Strikes out looking
Batting: RHB Tasuku Goto 0-0: Ground out 1-3 (Groundball, 15S)
Bottom of the 7th over - 0 runs, 0 hits, 0 errors, 0 left on base; Salem 5 - Athletic Club KC Academy 7
TOP OF THE 8TH
Salem Misfits batting - Pitching for Athletic Club KC Academy : RHP Andrés Martínez
Now in LF: Arturo Annunziato
Batting: RHB Bob Petiet 0-0: Swinging Strike
0-1: Foul Ball, location: 2F
0-2: Strikes out swinging
Batting: RHB Austin Case 0-0: Ball
1-0: Ball
2-0: Ground out 1-3 (Groundball, 13S)
Batting: RHB Paul O'Neill 0-0: Called Strike
0-1: Swinging Strike
0-2: Foul Ball, location: 2F
0-2: Ball
1-2: Strikes out swinging
Top of the 8th over - 0 runs, 0 hits, 0 errors, 0 left on base; Salem 5 - Athletic Club KC Academy 7
BOTTOM OF THE 8TH
Athletic Club KC Academy batting - Pitching for Salem Misfits : RHP Javier Pérez
Batting: LHB Takayuki Yoshikawa 0-0: Called Strike
0-1: Swinging Strike
0-2: Foul Ball, location: 2F
0-2: Ball
1-2: SINGLE (Groundball, 4D)
Batting: RHB Arturo Annunziato 0-0: Foul Ball, location: 2F
0-1: Ball
1-1: Swinging Strike
1-2: Ball
2-2: Foul Ball, location: 2F
2-2: Strikes out swinging
Batting: RHB Roberto Romero 0-0: Called Strike
0-1: Called Strike
0-2: Strikes out swinging
Takayuki Yoshikawa steals 2nd base
Batter strikes out.
Batting: LHB Pablo Hernández 0-0: Ball
1-0: Ball
2-0: Ball
3-0: Base on Balls
Batting: LHB Kwang-chih Feng 0-0: Ball
1-0: Foul Ball, location: 2F
1-1: Swinging Strike
1-2: Foul Ball, location: 2F
1-2: Ball
2-2: Foul Ball, location: 2F
2-2: Foul Ball, location: 2F
2-2: Strikes out looking
Bottom of the 8th over - 0 runs, 1 hit, 0 errors, 2 left on base; Salem 5 - Athletic Club KC Academy 7
TOP OF THE 9TH
Salem Misfits batting - Pitching for Athletic Club KC Academy : RHP Andrés Martínez
Pitching: RHP Alberto Ortíz
Batting: RHB Octávio Pineda 0-0: Called Strike
0-1: Foul Ball, location: 2F
0-2: Ball
1-2: Ball
2-2: Foul Ball, location: 2F
2-2: Ball
3-2: Foul Ball, location: 2F
3-2: Ground out 4-3 (Groundball, 4)
Batting: LHB Tyler Knopp 0-0: Ball
1-0: Ball
2-0: Ball
3-0: Called Strike
3-1: Base on Balls
Pinch Hitting: LHB José Cuervo 0-0: Called Strike
0-1: Ball
1-1: Ball
2-1: Foul Ball, location: 2F
2-2: Foul Ball, location: 2F
2-2: Ball
3-2: Foul Ball, location: 2F
3-2: DOUBLE (Flyball, 78XD)
Tyler Knopp to third
Batting: RHB Jorge Gómez 0-0: Called Strike
0-1: Ball
1-1: Ball
2-1: Ball
3-1: Ground out 5-3 (Groundball, 25)
Batting: RHB Robinson Barquero 0-0: Foul Ball, location: 2F
0-1: Ball
1-1: Foul Ball, location: 2F
1-2: Ball
2-2: Ball
3-2: Foul Ball, location: 2F
3-2: Foul Ball, location: 2F
3-2: Foul Ball, location: 2F
3-2: SINGLE (Flyball, 7S)
Tyler Knopp scores
José Cuervo to third
José Cuervo scores
Batting: RHB Jason Ward 0-0: Ball
1-0: Fly out, F7 (Flyball, 7)
Top of the 9th over - 2 runs, 2 hits, 0 errors, 1 left on base; Salem 7 - Athletic Club KC Academy 7
BOTTOM OF THE 9TH
Athletic Club KC Academy batting - Pitching for Salem Misfits : RHP Javier Pérez
Now at 2B: José Cuervo
Pinch Hitting: RHB Roger Caffyn 0-0: Foul Ball, location: 2F
0-1: Ball
1-1: Called Strike
1-2: Foul Ball, location: 2F
1-2: Ball
2-2: Ball
3-2: DOUBLE (Line Drive, 7D)
Pitching: RHP Justin Furneaux
Pinch Hitting: LHB Chi-hun Chong 0-0: Intentional Walk
Pinch Hitting: LHB Michael Woodard 0-0: Ball
1-0: Foul Ball, location: 2F
1-1: Ball
2-1: SINGLE (Flyball, 9LM)
Roger Caffyn to third
Chi-hun Chong to second
Runner from 3rd tries for Home, SAFE, throw made home
Sunday, March 18th, 2018 - OOTP Baseball 18.8 Build 76